 Dungeon Crawl Stone Soup version 0.25-b1-50-g7b83aa72e5 (webtiles) character file.

Game seed: 11081780453026569124

5424 gruber the Markscentaur (level 10, 0/136 HPs)
             Began as a Centaur Hunter on June 12, 2020.
             Was a Believer of Okawaru.
             Slain by a hornet (7 damage)
             ... on level 8 of the Dungeon.
             The game lasted 00:10:52 (9106 turns).

gruber the Markscentaur (Centaur Hunter)            Turns: 9106, Time: 00:10:53

Health: 0/136      AC: 25    Str: 25    XL:     10   Next: 40%
Magic:  10/10      EV:  1    Int: 10    God:    Okawaru [**....]
Gold:   512        SH:  0    Dex:  9    Spells: 9/9 levels left

rFire    . . .     SeeInvis .   a - +1 shortbow
rCold    . . .     Gourm    .   (shield currently unavailable)
rNeg     + + +     Faith    .   (armour currently unavailable)
rPois    +         Spirit   .   (helmet currently unavailable)
rElec    .         Reflect  .   (cloak currently unavailable)
rCorr    .         Harm     .   (gloves currently unavailable)
MR       +....     NoTele   +   (no barding)
Stlth    +.........             (no amulet)
HPRegen  0.32/turn              t - +6 ring of strength
MPRegen  0.12/turn              H - ring of protection from magic

@: lethally poisoned (0 -> 0), tree-form
A: large
a: Heroism, Renounce Religion


You were on level 8 of the Dungeon.
You worshipped Okawaru.
Okawaru was pleased with you.
You were not hungry.
You were a tree.
You visited 2 branches of the dungeon, and saw 9 of its levels.

You collected 512 gold pieces.

Inventory:

Hand Weapons
 a - a +1 shortbow (weapon)
 b - a +0 short sword
 k - a +2 vorpal spear
Missiles
 d - 75 arrows (quivered)
Armour
 c - a +0 leather armour
 m - a +0 ring mail of poison resistance (melded)
 n - the +1 helmet of the Barber Surgeon (melded) {+Fly rElec Regen+}
   (You took it off Robin on level 2 of the Dungeon)

   It insulates you from electricity.
   It lets you fly.
   It increases your rate of regeneration.
 D - a cursed +0 cloak (melded)
Jewellery
 t - a +6 ring of strength (left branch)
 u - an uncursed ring of fire
 F - a +6 ring of intelligence
 H - a ring of protection from magic (right branch)
 J - an uncursed ring of protection from magic
 K - a cursed ring of attention {unknown}
 M - a cursed ring of attention {unknown}
Wands
 r - a wand of digging (1)
 L - a wand of flame (22)
Scrolls
 g - 8 scrolls of identify {unknown}
 j - 2 scrolls of enchant weapon {unknown}
 l - 4 scrolls of teleportation {unknown}
 o - a scroll of enchant armour {unknown}
 p - 2 scrolls of noise {unknown}
 q - 4 scrolls of remove curse {unknown}
 s - a scroll of fog {unknown}
 w - a scroll of random uselessness {unknown}
 y - 2 scrolls of blinking {unknown}
 E - a scroll of amnesia {unknown}
Potions
 e - 2 potions of mutation {unknown}
 h - 4 potions of heal wounds {unknown}
 i - 3 potions of lignification
 v - 2 potions of curing {unknown}
 x - 3 potions of magic {unknown}
 z - 2 potions of flight {unknown}
 A - 2 potions of degeneration {unknown}
 B - 4 potions of brilliance {unknown}
 C - a potion of invisibility {unknown}
 G - a potion of might {unknown}
 I - a potion of stabbing {unknown}
 N - 2 potions of resistance {unknown}
Comestibles
 f - 18 rations
 O - 3 chunks of flesh


   Skills:
 - Level 9.0 Fighting
 * Level 16.3 Bows
 - Level 1.3 Dodging
 - Level 0.4 Stealth


You had 9 spell levels left.
You didn't know any spells.
Your spell library contained the following spells:

 Spells                   Type           Power        Failure   Level  Hunger
 Animate Skeleton         Necr           N/A          36%         1    ##.....
 Apportation              Tloc           #.....       36%         1    ##.....
 Corona                   Hex            #......      36%         1    ##.....
 Summon Small Mammal      Summ           #...         36%         1    ##.....


Dungeon Overview and Level Annotations

Branches:
Dungeon (8/15)             Temple (1/1) D:5
   Lair: D:8-11

Altars:
Ashenzari
Cheibriados
Dithmenos
Elyvilon
Fedhas
Gozag
Hepliaklqana
Kikubaaqudgha
Makhleb
Nemelex Xobeh
Okawaru
Qazlal
Ru
Sif Muna
Trog
Uskayaw
Vehumet
Wu Jian
Xom
Yredelemnul
Zin
The Shining One


Innate Abilities, Weirdness & Mutations

((You have hooves in place of feet.))
((Armour fits poorly on your strangely shaped body.))
((You cover ground very quickly.))
((You have extremely tough skin. (AC +3)))


Message History

Aim: a hornet You shoot an arrow.
The arrow hits the hornet!
The hornet is heavily wounded.
The hornet stings you!
* * * LOW HITPOINT WARNING * * *
Unknown command.
Firing (i - inventory)
d - 77 arrows (quivered)
Press: ? - help, Shift-Dir - straight line, f - hornet
Aim: a hornet (heavily wounded)
You shoot an arrow. The arrow misses the hornet.
The hornet stings you but does no damage.
Unknown command.
Firing (i - inventory)
d - 76 arrows (quivered)
Press: ? - help, Shift-Dir - straight line, f - hornet, p - hornet
Aim: a hornet You shoot an arrow.
The arrow hits the hornet but does no damage.
The hornet is heavily wounded.
You feel sick. The hornet stings you!
You die...

## ##.....######.............. #
#...#....##................
##..###.....................
#...# ##....................
######..####.....................
#.......###.....#######..........
####....##......#.#.# ####.).....
###..##......##y# #.......
#..........♣y#.# #.<.....
##.........##(#y#####....... ##
##........#######.......... .###
#.........................
...#####.........................
#..(.............................
##...............................
##...............................
#.....##.........................


You could see 2 hornets.

Vanquished Creatures
  A kobold demonologist (D:8)
  2 hornets (D:8)
  Grinder (D:3)
  Sigmund (D:5)
  Grum (D:8)
  Menkaure (D:3)
  A water moccasin (D:8)
  An orc warrior (D:7)
  A sky beast (D:7)
  A necrophage (D:8)
  2 black bears
  An ogre (D:4)
  3 phantoms
  3 wolves (D:7)
  4 centaurs
  Blork the orc (D:6)
  11 big kobolds (D:8)
  4 bullfrogs
  7 howler monkeys
  A centaur zombie (D:3)
  4 crimson imps
  A bullfrog zombie (D:8)
  2 hounds
  A centaur skeleton (D:7)
  4 orc priests
  A gnoll shaman (D:4)
  2 iguanas (D:8)
  5 jellies
  Crazy Yiuf (D:4)
  2 bullfrog skeletons (D:8)
  3 orc wizards
  3 worker ants
  A killer bee zombie (D:8)
  A hound skeleton (D:5)
  A worker ant zombie (D:8)
  Robin (D:2)
  13 gnolls
  A howler monkey skeleton (D:4)
  10 adders
  7 oozes
  2 adder skeletons
  2 dart slugs
  A worm (D:4)
  4 leopard geckos
  25 orcs
  4 giant cockroaches
  6 hobgoblins
  10 jackals
  9 quokkas
  2 ball pythons
  A ball python skeleton (D:5)
  6 bats
  7 frilled lizards
  19 goblins
  27 kobolds
  6 rats
243 creatures vanquished.

Vanquished Creatures (others)
  2 fungi (D:3)
  5 toadstools (D:3)
7 creatures vanquished.

Grand Total: 250 creatures vanquished

Notes
Turn   | Place    | Note
-------+----------+-------------------------------------------
     0 | D:1      | gruber the Centaur Hunter began the quest for the Orb.
     0 | D:1      | Reached XP level 1. HP: 17/17 MP: 1/1
   750 | D:1      | Reached XP level 2. HP: 19/24 MP: 2/2
  1124 | D:2      | Reached skill level 6 in Bows
  1194 | D:2      | Identified the +1 helmet of the Barber Surgeon {+Fly rElec
                  | Regen+}
  1194 | D:2      | Noticed Robin
  1206 | D:2      | Killed Robin
  1254 | D:2      | Reached XP level 3. HP: 24/29 MP: 3/3
  1310 | D:2      | Reached skill level 7 in Bows
  1780 | D:2      | Found an ornate altar of the Wu Jian Council.
  1797 | D:2      | Reached XP level 4. HP: 36/36 MP: 4/4
  2206 | D:3      | Reached skill level 8 in Bows
  2223 | D:3      | Noticed Grinder
  2239 | D:3      | Reached XP level 5. HP: 41/41 MP: 5/5
  2251 | D:3      | Killed Grinder
  2251 | D:3      | Reached skill level 9 in Bows
  2251 | D:3      | Reached XP level 6. HP: 48/48 MP: 6/6
  2256 | D:3      | Reached skill level 10 in Bows
  2784 | D:3      | Found a shimmering altar of Xom.
  2977 | D:3      | Reached skill level 11 in Bows
  2977 | D:3      | Reached XP level 7. HP: 43/55 MP: 7/7
  3368 | D:4      | Noticed Menkaure
  3386 | D:3      | Killed Menkaure
  3591 | D:4      | Found an opulent altar of Gozag.
  3822 | D:4      | Reached skill level 5 in Fighting
  3900 | D:4      | Found a runed translucent door.
  3901 | D:4      | Noticed Crazy Yiuf
  4327 | D:4      | Killed Crazy Yiuf
  4498 | D:5      | Entered Level 5 of the Dungeon
  4535 | D:5      | Reached XP level 8. HP: 59/70 MP: 8/8
  4636 | D:5      | Noticed Sigmund
  4681 | D:5      | Killed Sigmund
  4900 | D:5      | Found a staircase to the Ecumenical Temple.
  5008 | Temple   | Entered the Ecumenical Temple
  5491 | D:5      | Found a snail-covered altar of Cheibriados.
  5595 | D:6      | Noticed Blork the orc
  5617 | D:6      | Killed Blork the orc
  5677 | D:6      | Found a sacrificial altar of Ru.
  5794 | D:6      | Found an opulent altar of Gozag.
  5794 | D:6      | Found an iron altar of Okawaru.
  6409 | D:7      | Reached XP level 9. HP: 72/83 MP: 9/9
  6546 | D:7      | Reached skill level 12 in Bows
  7021 | D:7      | Reached skill level 13 in Bows
  7357 | D:6      | Became a worshipper of Warmaster Okawaru
  7609 | D:8      | Noticed Grum
  7664 | D:7      | Reached skill level 14 in Bows
  7984 | D:8      | Killed Grum
  8111 | D:8      | Reached * piety under Okawaru
  8147 | D:8      | Noticed a kobold demonologist
  8161 | D:8      | Killed a kobold demonologist
  8161 | D:8      | Reached XP level 10. HP: 91/91 MP: 10/10
  8164 | D:8      | Reached skill level 15 in Bows
  8517 | D:8      | Reached ** piety under Okawaru
  8810 | D:8      | Reached skill level 16 in Bows
  9106 | D:8      | Slain by a hornet

Illustrated notes

Levels and vault maps discovered:
D:1:      lightli_arrival_statuegarden, layout_rooms, serial_rivers,
          chequers_serial_rivers_micro_b, chequers_serial_rivers_micro_b,
          chequers_serial_rivers_room_b, chequers_serial_rivers_small_b,
          dk_noncrumbling_3, grunt_decor_arrowhead, minmay_pentomino_v4
D:2:      layout_basic, lemuel_crystal_altar, first_ration, uniq_robin
D:3:      cheibrodos_fertilizer, layout_loops_cross, old_standard_altar,
          serial_co_window_serial, co_window_cross_1,
          co_window_of_opportunity_a, co_window_of_opportunity_a,
          co_window_of_opportunity_a, co_window_of_opportunity_a,
          co_window_cross_3, co_window_broadway_a, co_window_unsneaky_path_c,
          co_window_cross_2, co_window_corner_b, glass_columns_a, uniq_grinder
D:4:      layout_loops_ring, nicolae_gozag_seed_capital, uniq_menkaure,
          uniq_crazy_yiuf_cottage
D:5:      layout_cave_pods, kennysheep_little_box, minmay_temple_entry_grid,
          uniq_sigmund
D:6:      layout_gridville, nicolae_ru_awakened_eye,
          chequers_temple_overflow_statue_of_worship, uniq_blork_the_orc
D:7:      layout_loops_ring, chequers_decorated_corner
D:8:      layout_layer_cave, special_room [special_room_kobold],
          hangedman_pestilent_swarm, uniq_grum
Temple:   compressed_dpeg_circular_temple

Skill      XL: |  1  2  3  4  5  6  7  8  9 10 |
---------------+-------------------------------+-----
Bows           | 6 7 8 9 11 14 16 | 16.3
Fighting       | 5 9 |  9.0
Dodging        | |  1.3
Stealth        | |  0.4

Action                   |  1- 3 |  4- 6 |  7- 9 | 10-12 || total
-------------------------+-------+-------+-------+-------++-------
Melee: Short sword       |    30 |       |       |       ||    30
       Kick              |     9 |    10 |    29 |       ||    48
       Spear             |    44 |    99 |   107 |       ||   250
 Fire: Shortbow          |    43 |    48 |   377 |   161 ||   629
  Use: Potion            |       |       |       |     1 ||     1
  Eat: Chunk             |     2 |     3 |    12 |     2 ||    19
Armor: Leather armour    |    11 |       |       |       ||    11
       Ring mail         |    17 |    39 |    52 |    27 ||   135
       Skin              |       |       |       |    13 ||    13
Dodge: Dodged            |    43 |    36 |    60 |    29 ||   168
